 Dungeon Crawl Stone Soup version 0.25-a0-528-g6b7c99946c (webtiles) character file.

Game seed: 986156540454988691, levelgen mode: classic

11 EnegeticOcto the Shield-Bearer (level 2, 21/27 HPs)
             Began as a Deep Dwarf Fighter on Feb 19, 2020.
             Quit the game on level 3 of the Dungeon.
             The game lasted 00:00:18 (112 turns).

EnegeticOcto the Shield-Bearer (Deep Dwarf Fighter)  Turns: 112, Time: 00:00:18

Health: 21/27      AC:  6    Str: 19    XL:     2   Next: 17%
Magic:  2/2        EV:  7    Int:  8    God:
Gold:   7          SH:  9    Dex: 12    Spells: 1/1 levels left

rFire    . . .     SeeInvis .   a - +0 war axe
rCold    . . .     Gourm    .   c - +0 kite shield
rNeg     . . .     Faith    .   b - +0 scale mail
rPois    .         Spirit   .   (no helmet)
rElec    .         Reflect  .   (no cloak)
rCorr    .         Harm     .   (no gloves)
MR       .....                  (no boots)
Stlth    ..........             (no amulet)
HPRegen  0.00/turn              (no ring)
MPRegen  0.08/turn              (no ring)

@: non-regenerating
A: damage resistance, heal wounds, sense surroundings 1, no regeneration
a: Heal Wounds


You were on level 3 of the Dungeon.
You were not hungry.

You visited 1 branch of the dungeon, and saw 3 of its levels.

You collected 7 gold pieces.

Inventory:

Hand Weapons
 a - a +0 war axe (weapon)
Armour
 b - a +0 scale mail (worn)
 c - a +0 kite shield (worn)
Scrolls
 f - a scroll of enchant armour {unknown}
 g - a scroll of teleportation {unknown}
Potions
 k - a potion of might {@q3}
Comestibles
 d - a chunk of flesh
 e - a ration


   Skills:
 * Level 2.9 Fighting
 * Level 2.5 Axes
 + Level 3.3 Armour
 + Level 0.4 Dodging
 + Level 3.4 Shields


You had one spell level left.
You didn't know any spells.
Your spell library was empty.

Dungeon Overview and Level Annotations

Branches:
Dungeon (3/15)

Altars:


Innate Abilities, Weirdness & Mutations

You are resistant to damage.
You can heal yourself by infusing magical energy.
You passively map a small area around you.
You do not regenerate.


Message History

You closely miss the rat. The rat bites you. You block the rat's attack.
You closely miss the rat. You block the rat's attack.
You barely miss the rat. The rat barely misses you.
You block the leopard gecko's attack.
Your shield and scale mail prevent you from hitting the leopard gecko.
You hit the rat.
You kill the rat!
You block the leopard gecko's attack.
You barely miss the leopard gecko. The leopard gecko bites you. x2
You closely miss the leopard gecko. The leopard gecko barely misses you. x2
You hit the leopard gecko.
The leopard gecko is severely wounded.
You block the leopard gecko's attack. x2
You slash the leopard gecko!
You kill the leopard gecko!
No target in view!
You butcher the leopard gecko corpse.
d - a chunk of flesh You see here a leopard gecko skeleton. x2
An ooze comes into view.
The ooze quivers.
An ooze is nearby!
An ooze is nearby!
An ooze is nearby!
The ooze hits you.
You slash the ooze!
The ooze is severely wounded.
The ooze hits you but does no damage.
You slash the ooze!
You kill the ooze!
You have reached level 2!
f - a scroll labeled BYENEV BENYTS You now have 7 gold pieces.
A bat comes into view.
You block the bat's attack.
A bat is nearby!
You hit the bat.
You kill the bat!
No target in view!
No target in view!
No target in view!
No target in view!
No target in view!
No target in view!
No target in view!
g - a scroll labeled WETZE QOHEIRR No target in view!
No target in view!
No target in view!
A giant cockroach comes into view.
A giant cockroach is nearby!
A giant cockroach is nearby!
A giant cockroach is nearby!
You slash the giant cockroach!
You kill the giant cockroach!
No target in view!
No target in view!
No target in view!
No target in view!
No target in view!
No target in view!
No target in view!
No target in view!
You open the door.
There is an open door here.
Found a stone staircase leading down.
Found a leather armour.
Found an escape hatch in the floor.
No target in view!
No target in view!
No target in view!
No target in view!
No target in view!
No target in view!
No target in view!
No target in view!
No target in view!
No target in view!
No target in view!
No target in view!
No target in view!
No target in view!
No target in view!
No target in view!
No target in view!
(D) Dungeon
Where to? (? - help)
There is a stone staircase leading down here.
You climb downwards.
Found a stone staircase leading down.
There is a stone staircase leading up here.
(D) Dungeon
Where to? (Enter - D:2, ? - help)
There is a stone staircase leading down here.
You climb downwards.
A bat, an adder and a goblin come into view.
The adder hisses angrily.
Found a stone staircase leading down.
There is a stone staircase leading up here.
Are you sure you want to abandon this character and quit the game? (Confirm with "yes".)

, * , * , , * *
, ** , *, * # *
, #.. * * ,* ,..
*
*#.########.####
,
...............
* .......@..#
......>...#
..g.......# * *,
, .......b.S#, ,
,, ..........# ,
, ########### ,


You could see an adder, a goblin and a bat.

Vanquished Creatures
  An ooze (D:1)
  A leopard gecko (D:1)
  A giant cockroach (D:1)
  3 bats (D:1)
  A rat (D:1)
7 creatures vanquished.

Notes
Turn   | Place    | Note
-------+----------+-------------------------------------------
     0 | D:1      | EnegeticOcto the Deep Dwarf Fighter began the quest for the
                  | Orb.
     0 | D:1      | Reached XP level 1. HP: 20/20 MP: 1/1
    47 | D:1      | Reached XP level 2. HP: 21/27 MP: 2/2
   112 | D:3      | Quit the game

Levels and vault maps discovered:
D:1:      tarquinn_simple_flora_water_d, layout_basic, nrook_loot_triangle
D:2:      layout_loops_corners, minmay_indecisive_spiral
D:3:      lemuel_upstairs_altar, layout_rooms,
          grunt_temple_overflow_champion_of_chaos, overflow_temple_1_default,
          minmay_pentangle

Action                   || total
-------------------------++-------
Melee: War axe           ||    20
Armor: Scale mail        ||     6
Dodge: Dodged            ||    12
Block: Kite shield       ||    14

Table legend:
 A = Non-vault XP
 B = Vault XP
 C = Vault XP percentage of total XP
 D = Non-vault monster count
 E = Vault monster count
 F = Vault count percentage of total count
                 A         B        C        D         E       F
            +---------+---------+-------+---------+---------+-------
      Total |      17 |       0 |   0.0 |       7 |       0 |   0.0
            +---------+---------+-------+---------+---------+-------
        D:1 |      17 |       0 |   0.0 |       7 |       0 |   0.0
            +---------+---------+-------+---------+---------+-------
